 Dungeon Crawl Stone Soup version 0.14.0-6-g1bc2dff (webtiles) character file.

174 Ragg the Digger (level 4, -1/41 HPs)
             Began as a Troll Earth Elementalist on Apr 12, 2014.
             Killed from afar by Natasha (8 damage)
             ... with a magic dart
             ... on Level 3 of the Dungeon.
             The game lasted 00:04:47 (1368 turns).

Ragg the Digger (Troll Earth Elementalist)          Turns: 1368, Time: 00:04:48

HP  -1/41        AC  5     Str 16      XL: 4   Next: 37%
MP   2/4         EV 10     Int 16      God:
Gold 81          SH  0     Dex 11      Spells:  1 memorised,  4 levels left

rFire  . . .     SeeInvis .     a - +0,+2 whip (drain)
rCold  . . .     Clarity  .     c - +0 robe
rNeg   . . .     Conserve .     (shield restricted)
rPois  .         rCorr    .     (helmet restricted)
rElec  .         rRot     .     (no cloak)
SustAb . .       Spirit   .     (gloves unavailable)
rMut   .         Warding  .     (boots unavailable)
Gourm  +         Stasis   .     (no amulet)
MR     .....                    (no ring)
                                (no ring)

@: brilliant, very slightly contaminated, slowed, very slow, not resistant to
hostile enchantments, unstealthy
A: unfitting armour, claws 3, fast metabolism 3, gourmand, regeneration 2,
saprovore 2, shaggy fur 1, tough skin 2
a: no special abilities


You were on level 3 of the Dungeon.
You were completely stuffed.

You visited 1 branch of the dungeon, and saw 3 of its levels.

You collected 81 gold pieces.

Inventory:

Hand weapons
 a - a +0,+2 whip of draining (weapon)
Missiles
 b - 42 stones (quivered)
Armour
 c - a +0 robe (worn)
Comestibles
 i - a rotting chunk of rat flesh
 n - a rotting chunk of giant newt flesh
 o - an apple
 r - 2 rotting chunks of goblin flesh
 x - 2 meat rations
 z - a rotting chunk of rat flesh
Scrolls
 e - a scroll of blinking {unknown}
 j - a scroll of immolation {unknown}
 k - a scroll of enchant weapon I {unknown}
 m - 2 scrolls of fog {unknown}
 s - 2 scrolls of identify {unknown}
 v - a scroll of noise {unknown}
Potions
 f - a potion of degeneration {unknown}
 g - a potion of brilliance
 l - 2 potions of might {unknown}
 p - 2 potions of confusion {unknown}
 w - a potion of restore abilities {unknown}
Books
 d - a book of Geomancy

   Spells                             Type                      Level
   *Sandblast                         Earth                        1
   Stoneskin                          Transmutation/Earth          2
   Passwall                           Transmutation/Earth          3
   Stone Arrow                        Conjuration/Earth            3
   Petrify                            Transmutation/Earth          4
   Lee's Rapid Deconstruction         Earth                        5


   Skills:
 + Level 1.4 Fighting
 + Level 2.1 Dodging
 - Level 1.1 Stealth
 + Level 2.0 Unarmed Combat
 - Level 1.2 Spellcasting
   Level 0.6 Transmutations
 + Level 3.3 Earth Magic


You had 4 spell levels left.
You knew the following spells:

 Your Spells              Type           Power        Failure   Level  Hunger
a - Sandblast             Erth           ###...       1%          1    ##.....


Dungeon Overview and Level Annotations

Branches:
Dungeon (3/15)

Altars:
Xom

Annotations:
D:2 Sigmund
D:3 Natasha


Innate Abilities, Weirdness & Mutations

You are too large for most types of armour.
You have claws for hands.
Your metabolism is lightning-fast.
You like to eat raw meat.
You heal very quickly.
You can eat rotten meat.
You are covered in fur (AC +1).
You have very tough skin (AC +2).


Message History

Found 17 gold pieces.
You hit the bat.
You kill the bat!
The white imp disappears in a puff of smoke!
Natasha zaps a wand.
You feel yourself slow down.
Natasha casts a spell.
You see here a bat corpse.
The crimson imp disappears in a puff of smoke!
Natasha zaps a wand.
You resist.
Natasha zaps a wand.
You feel as though you will be slow longer.
Natasha casts a spell.
Suddenly you are surrounded with a pale green light.
Natasha stares at you and mumbles some strange words.
You resist. The shadow imp spits at you.
The shadow imp disappears in a puff of smoke!
Natasha casts a spell at you. The magic dart hits you!
You die...

##....# .# .
#..).##########.#...
#./)..h.......(.#...
#5#................
#.###5#5....?...# #5#
#.#...(.....###### #.#
#...h5............
#.#############...####
#..ยง.5h..@.......$...
##########$..########
...# ####


You could see Natasha and a white imp.

Vanquished Creatures
  A crimson imp (D:3)
  A giant mite (D:1)
  2 adders
  An ooze (D:2)
  2 bats
  5 giant cockroaches
  4 goblins
  5 hobgoblins
  A kobold (D:1)
  4 giant newts
  2 jackals (D:2)
  15 rats
43 creatures vanquished.

Notes
Turn   | Place    | Note
--------------------------------------------------------------
     0 | D:1      | Ragg, the Troll Earth Elementalist, began the quest for the Orb.
     0 | D:1      | Reached XP level 1. HP: 16/16 MP: 2/2
   107 | D:1      | Reached skill level 1 in Unarmed Combat
   219 | D:1      | Reached XP level 2. HP: 14/26 MP: 2/2
   506 | D:1      | Reached skill level 1 in Fighting
   702 | D:2      | Reached XP level 3. HP: 33/33 MP: 3/3
   728 | D:2      | Found a shimmering altar of Xom.
   802 | D:2      | Reached skill level 3 in Earth Magic
  1165 | D:2      | Noticed Sigmund
  1310 | D:3      | Reached XP level 4. HP: 41/41 MP: 4/4
  1327 | D:3      | Noticed Natasha
  1358 | D:3      | HP: 1/41 [white imp/puff of frost[Natasha] (5)]
  1368 | D:3      | Killed from afar by Natasha

Action                   |  1- 3 |  4- 6 || total
-------------------------+-------+-------++-------
Melee: Unarmed           |    99 |       ||    99
       Whip              |    21 |    11 ||    32
 Cast: Sandblast         |       |     2 ||     2
Evoke: Wand              |       |     1 ||     1
  Use: Potion            |       |     2 ||     2
 Stab: Sleeping          |     1 |       ||     1
